 Dungeon Crawl Stone Soup version 0.27.1-33-g824d729ab1 (webtiles) character file.

Game seed: 16455617728308469857

933 Unglued128 the Magician (level 7, -1/47 HPs)
             Began as a Demonspawn Hedge Wizard on Dec 3, 2021.
             Was an Initiate of Sif Muna.
             Slain by an orc wizard (4 damage)
             ... on level 5 of the Dungeon.
             The game lasted 00:52:57 (8467 turns).

Unglued128 the Magician (Demonspawn Hedge Wizard)   Turns: 8467, Time: 00:52:58

Health: -1/47      AC:  2    Str: 11    XL:     7   Next: 86%
Magic:  15/16      EV: 12    Int: 22    God:    Sif Muna [......]
Gold:   222        SH:  0    Dex: 13    Spells: 15/18 levels left

rFire    . . .     SeeInvis +   l - +2 hand axe (vorpal)
rCold    . . .     Faith    .   (no shield)
rNeg     . . .     Spirit   .   b - +0 robe
rPois    .         Reflect  .   c - +0 hat
rElec    .         Harm     .   (no cloak)
rCorr    .         Rampage  .   (no gloves)
Will     .....                  (no boots)
Stlth    ++........             (no amulet)
HPRegen  0.15/turn              j - ring of see invisible
MPRegen  0.15/turn              u - +6 ring of intelligence

@: mighty
A: antennae 1, demonic guardian 1, spiny 2
a: Renounce Religion


You were on level 5 of the Dungeon.
You worshipped Sif Muna.
Sif Muna was noncommittal.
You visited 2 branches of the dungeon, and saw 7 of its levels.

You collected 222 gold pieces.

Inventory:

Hand Weapons
 l - a +2 vorpal hand axe (weapon)
Missiles
 d - 7 javelins
 g - 26 poisoned darts (quivered)
 q - a throwing net
Armour
 b - a +0 robe (worn)
 c - a +0 hat (worn)
Jewellery
 j - a ring of see invisible (left hand)
 t - a +4 ring of evasion
 u - a +6 ring of intelligence (right hand)
Wands
 s - a wand of iceblast (9)
Scrolls
 e - a scroll of brand weapon {unknown}
 f - 2 scrolls of teleportation {unknown}
 i - 3 scrolls of amnesia
 k - a scroll of enchant armour {unknown}
 m - a scroll of silence {unknown}
 n - 2 scrolls of magic mapping {unknown}
 r - a scroll of torment {unknown}
Potions
 a - a potion of resistance {unknown}
 h - 2 potions of brilliance
 o - 3 potions of lignification {unknown}
 p - 2 potions of berserk rage {unknown}
 w - a potion of degeneration {unknown}


   Skills:
 + Level 0.7 Fighting
 + Level 2.3 Axes
 + Level 0.3 Throwing
 + Level 2.7 Dodging
 + Level 2.3 Stealth
 + Level 6.2 Spellcasting
 + Level 3.2 Conjurations
 + Level 4.0 Summonings
 + Level 0.8 Translocations


You had 15 spell levels left.
You knew the following spells:

 Your Spells              Type           Power      Damage    Failure   Level
a - Magic Dart            Conj           84%        1d7       2%          1
b - Call Imp              Summ           24%        N/A       2%          2

Your spell library contained the following spells:

 Spells                   Type           Power      Damage    Failure   Level
 Apportation              Tloc           20%        N/A       6%          1
 Sting                    Tmut/Pois      24%        1d4       9%          1
 Blink                    Tloc           N/A        N/A       10%         2
 Ensorcelled Hibernation  Hex/Ice        12%        N/A       14%         2
 Poisonous Vapours        Pois/Air       12%        N/A       14%         2
 Slow                     Hex            6%         N/A       14%         2
 Conjure Flame            Conj/Fire      13%        6-21      14%         3
 Mephitic Cloud           Conj/Pois/Air  11%        N/A       17%         3
 Inner Flame              Hex/Fire       6%         N/A       26%         3
 Spider Form              Tmut/Pois      3%         N/A       26%         3
 Cause Fear               Hex            3%         N/A       65%         4
 Olgreb's Toxic Radiance  Pois           6%         N/A       65%         4
 Alistair's Intoxication  Tmut/Pois      4%         N/A       94%         5
 Shadow Creatures         Summ           N/A        N/A       95%         6
 Invisibility             Hex            3%         N/A       100%        6
 Discord                  Hex            3%         N/A       100%        8


Dungeon Overview and Level Annotations

Branches:
Dungeon (6/15)             Temple (1/1) D:5

Altars:
Ashenzari
Cheibriados
Dithmenos
Elyvilon
Fedhas
Kikubaaqudgha
Nemelex Xobeh
Okawaru
Qazlal
Sif Muna
Trog
Uskayaw
Wu Jian
Xom
Yredelemnul
The Shining One

Annotations:
D:6 Eustachio


Innate Abilities, Weirdness & Mutations

You have a pair of small antennae on your head.
A weak demonic guardian rushes to your aid.
You are mostly covered in sharp spines.


Message History

* * * LOW HITPOINT WARNING * * *
A demonic guardian appears!
You hit the orc warrior but do no damage.
The orc warrior is almost dead.
The orc warrior hits you with a +0 dire flail!
* * * LOW HITPOINT WARNING * * *
Your crimson imp barely misses the orc wizard.
Your quasit bites the orc warrior but does no damage.
Your quasit claws the orc warrior but does no damage.
Your quasit claws the orc warrior.
The orc warrior hits your quasit with a +0 dire flail!
You feel very mighty all of a sudden.
Your quasit bites the orc warrior but does no damage.
Your quasit claws the orc warrior but does no damage.
Your quasit closely misses the orc warrior.
Your crimson imp closely misses the orc wizard.
The orc warrior completely misses your quasit.
There are monsters nearby!
There are monsters nearby!
You barely miss the orc warrior.
The orc warrior is almost dead.
Your quasit bites the orc warrior but does no damage.
Your quasit closely misses the orc warrior. x2
Your crimson imp blinks!
Your quasit bites the orc warrior but does no damage.
Your quasit claws the orc warrior but does no damage.
Your quasit closely misses the orc warrior.
The orc warrior hits your quasit with a +0 dire flail!
Your quasit dies!
Your quasit disappears in a puff of smoke!
The orc warrior shouts!
You closely miss the orc warrior.
The orc warrior is almost dead.
The orc warrior is struck by your spines.
You kill the orc warrior!
Sif Muna accepts your kill.
Your Summonings skill increases to level 4!
The orc wizard is struck by your spines.
The orc wizard hits you with a +0 dagger.
You die...

##.####....## #.#
......'.....################.####
.#.####...>......................
.#.# #.....#.##############.####
.#.# ####..#.# ###### #.# .#.#
#..#.# ####[...# #.# .#.# #..#.#
#.......####'##
.#.#######..#.###.#.....#.(...###
.#............5.@o§.....'.....'..
.#.......<..#.###.##....#.....###
.#.####.......# #5#.....#.....#
.#.#..'.......# #.#.###.#...###
.#.#.##......## #.#.....#...#
.#.#.##......# #.####..#...#####
.#.#.##......# #)# #..#........
.....######### #.####..#.#######
.....# #.......#+#......


You could see an orc wizard (invisible, ally target), a friendly crimson imp
(summoned) and a friendly shadow imp (summoned).

Vanquished Creatures
  An orc warrior (D:5)
  2 necrophages (D:5)
  3 phantoms
  2 bullfrog skeletons (D:5)
  2 orc priests
  A hound (D:4)
  An orc wizard (D:4)
  5 adders
  5 gnolls
  A worm (D:2)
  A dart slug (D:1)
  12 orcs
  7 endoplasms
  3 giant cockroaches
  8 hobgoblins
  3 quokkas
  3 ball pythons
  3 bats
  A frilled lizard (D:2)
  6 goblins
  4 kobolds (D:1)
  5 rats
79 creatures vanquished.

Vanquished Creatures (collateral kills)
  A scorpion (D:4)
  2 hounds
  A bullfrog skeleton (D:5)
  An iguana (D:4)
  A scorpion zombie (D:3)
  An orc wizard (D:3)
  3 gnolls
  An ufetubus (D:5)
  An adder skeleton (D:4)
  3 worms
  2 dart slugs (D:4)
  6 orcs
  An endoplasm (D:3)
  3 goblins
  A bat (D:3)
28 creatures vanquished.

Grand Total: 107 creatures vanquished

Notes
Turn   | Place    | Note
-------+----------+-------------------------------------------
     0 | D:1      | Unglued128 the Demonspawn Hedge Wizard began the quest for
                  | the Orb.
     0 | D:1      | Reached XP level 1. HP: 13/13 MP: 4/4
   404 | D:1      | Found a faded altar of an unknown god.
   602 | D:1      | Gained mutation: A weak demonic guardian rushes to your
                  | aid. [demonic ancestry]
   602 | D:1      | Reached XP level 2. HP: 19/19 MP: 0/6
  1625 | D:2      | Gained mutation: You have a pair of small antennae on your
                  | head. [demonic ancestry]
  1625 | D:2      | Reached XP level 3. HP: 24/24 MP: 4/8
  2829 | D:2      | Learned a level 2 spell: Call Imp
  2924 | D:3      | HP: 1/24 [gnoll (8)]
  3234 | D:2      | Reached skill level 4 in Spellcasting
  3234 | D:2      | Reached XP level 4. HP: 19/30 MP: 0/10
  4580 | D:3      | Gained mutation: You are partially covered in sharp spines.
                  | [demonic ancestry]
  4580 | D:3      | Reached XP level 5. HP: 35/35 MP: 3/11
  5888 | D:4      | Reached skill level 5 in Spellcasting
  5888 | D:4      | Gained mutation: You are mostly covered in sharp spines.
                  | [demonic ancestry]
  5888 | D:4      | Reached XP level 6. HP: 30/41 MP: 9/13
  6217 | D:4      | Found a hide-covered altar of Uskayaw.
  6269 | D:5      | Entered Level 5 of the Dungeon
  6441 | D:5      | Found a staircase to the Ecumenical Temple.
  6456 | D:5      | Reached skill level 1 in Axes
  6456 | D:5      | Reached XP level 7. HP: 21/46 MP: 7/15
  6694 | Temple   | Entered the Ecumenical Temple
  7031 | Temple   | Became a worshipper of Sif Muna the Loreminder
  7279 | D:5      | Found a broken altar of Ashenzari.
  7455 | D:5      | Reached skill level 6 in Spellcasting
  8433 | D:6      | Noticed Eustachio
  8463 | D:5      | HP: 2/47 [orc warrior (7)]
  8467 | D:5      | Slain by an orc wizard

Illustrated notes

Levels and vault maps discovered:
D:1:      dpeg_arrival_arbitrary_b, layout_basic,
          shapermc_ecumenical_altar_starsandcircs, minivault_19
D:2:      layout_basic
D:3:      layout_rooms, minivault_25, st_stairs_12
D:4:      layout_rooms, nicolae_uskayaw_suspiria
D:5:      layout_basic, old_standard_altar, minmay_temple_entry_grid,
          corner_web_ring
D:6:      layout_gridville, uniq_eustachio
Temple:   dpeg_chambers_temple

Skill      XL: |  1  2  3  4  5  6  7 |
---------------+----------------------+-----
Dodging        | 2 |  2.7
Conjurations   | 2 3 |  3.2
Spellcasting   | 4 5 6 |  6.2
Stealth        | 2 |  2.3
Summonings     | 2 3 4 |  4.0
Axes           | 1 2 |  2.3
Fighting       | |  0.7
Throwing       | |  0.3
Translocations | |  0.8

Action                   |  1- 3 |  4- 6 |  7- 9 || total
-------------------------+-------+-------+-------++-------
Melee: Dagger            |    19 |    11 |       ||    30
       Hand axe          |       |    22 |    31 ||    53
Throw: Javelin           |     2 |       |       ||     2
       Dart              |     9 |       |       ||     9
 Cast: Magic Dart        |   117 |    92 |    19 ||   228
       Call Imp          |     3 |    45 |    18 ||    66
  Use: Scroll            |     1 |     3 |       ||     4
       Potion            |       |     2 |     1 ||     3
Armor: Robe              |     7 |     8 |     2 ||    17
Dodge: Dodged            |    30 |    40 |    19 ||    89
